 Dungeon Crawl Stone Soup version 0.18.0-1-g0107ab7 (webtiles) character file.

350 Svalin the Cleaver (level 6, -9/79 HPs)
             Began as a Hill Orc Berserker on May 5, 2016.
             Was a Believer of Trog.
             Mangled by a mummy (16 damage)
             ... in an ossuary.
             The game lasted 00:08:29 (4021 turns).

Svalin the Cleaver (Hill Orc Berserker)             Turns: 4021, Time: 00:08:29

Health: -9/79      AC:  9    Str: 25    XL:     6   Next: 61%
Magic:  6/6        EV:  8    Int:  7    God:    Trog [**....]
Gold:   129        SH:  0    Dex: 12    Spells: 0 memorised, 5 levels left

rFire  . . .     SeeInvis .     a - +0 hand axe
rCold  . . .     Gourm    .     n - +0 chain mail
rNeg   . . .     Faith    .     (no shield)
rPois  .         Spirit   .     (no helmet)
rElec  .         Dismiss  .     (no cloak)
rCorr  .         Reflect  .     (no gloves)
SustAt .         Harm     .     (no boots)
MR     +....                    (no amulet)
Stlth  ..........               (no ring)
                                o - ring of protection from magic

@: berserking, very quick, somewhat resistant to hostile enchantments, extremely
unstealthy
A: no striking features
a: Berserk, Trog's Hand, Burn Spellbooks, Renounce Religion


You were in an ossuary.
You worshipped Trog.
Trog was pleased with you.
You were hungry.

You visited 1 branch of the dungeon, and saw 4 of its levels.
You also visited: Ossuary.

You collected 129 gold pieces.

Inventory:

Hand Weapons
 a - a +0 hand axe (weapon)
Armour
 n - a +0 chain mail (worn)
Jewellery
 o - a ring of protection from magic (left hand)
 q - a +2 ring of evasion {unknown}
Wands
 f - a wand of slowing (32/48)
 j - a wand of polymorph (16/24)
 p - a wand of random effects (33/48)
Scrolls
 m - 2 scrolls of identify
 s - a scroll of teleportation {unknown}
Potions
 b - 2 potions of mutation {unknown}
 d - a potion of cancellation
 h - a potion of curing {unknown}
 i - a potion of brilliance {unknown}
 k - 2 potions of ambrosia {unknown}
 r - a potion of magic {unknown}
Comestibles
 c - 6 bread rations
 l - 2 meat rations


   Skills:
 + Level 4.4 Fighting
 + Level 8.2 Axes
 * Level 3.7 Armour
 - Level 1.5 Dodging


You had 5 spell levels left.
You didn't know any spells.

Dungeon Overview and Level Annotations

Branches:
Dungeon (4/15)
 Temple: D:4-7

Altars:
Ashenzari
Cheibriados
Gozag
Vehumet
The Shining One


Message History

The mummy hits you!
You hit the mummy.
The mummy is almost destroyed.
Your skin stops crawling.
You feel less resistant to hostile enchantments.
The mummy hits you!
* * * LOW HITPOINT WARNING * * *
You hit the mummy but do no damage.
The mummy is almost destroyed.
You hit the mummy but do no damage.
The mummy is almost destroyed.
The mummy hits you.
* * * LOW HITPOINT WARNING * * *
A red film seems to cover your vision as you go berserk!
You feel yourself moving faster!
You feel mighty!
You are feeling hungry.
Your chain mail prevents you from hitting the mummy.
The mummy is almost destroyed.
The mummy hits you!
You die...

#### ##... ##....
#### .. #.....
##..## ...
#.....##....##...
#................
#......@M.......
##..............
#+##........##
##......##
##....## #....#
#....# #....#
#....#


You could see a mummy.

Vanquished Creatures
  A scorpion (D:4)
  An orc priest (D:3)
  Ijyb (D:2)
  Natasha (thrice) (D:2)
  5 mummies (Ossuary)
  2 adders
  An ooze (D:1)
  2 worms
  A dart slug (D:3)
  4 giant geckos
  8 orcs
  5 bats
  4 giant cockroaches
  5 goblins
  6 hobgoblins
  A quokka (D:2)
  A ball python (D:3)
  2 giant newts (D:2)
  3 hobgoblin zombies (Ossuary)
  11 kobolds
  3 kobold zombies (Ossuary)
  2 orc zombies (Ossuary)
  A quokka skeleton (D:4)
  5 rats
78 creatures vanquished.

Notes
Turn   | Place    | Note
--------------------------------------------------------------
     0 | D:1      | Svalin the Hill Orc Berserker began the quest for the Orb.
     0 | D:1      | Reached XP level 1. HP: 19/19 MP: 1/1
   222 | D:1      | Reached XP level 2. HP: 19/26 MP: 2/2
   541 | D:1      | Reached skill level 5 in Axes
   876 | D:1      | Reached XP level 3. HP: 24/31 MP: 3/3
  1109 | D:2      | Found a glowing golden altar of the Shining One.
  1509 | D:2      | Found a faded altar to an unknown god.
  1577 | D:2      | Reached ** piety under Trog
  1614 | D:2      | Reached skill level 6 in Axes
  1623 | D:2      | Noticed Natasha
  1628 | D:2      | Killed Natasha
  1628 | D:2      | Reached XP level 4. HP: 39/39 MP: 4/4
  1736 | D:2      | Found an opulent altar of Gozag.
  1738 | D:2      | Found a snail-covered altar of Cheibriados.
  1754 | D:2      | Noticed Natasha
  1761 | D:2      | Killed Natasha
  1761 | D:2      | Reached skill level 7 in Axes
  2347 | D:2      | Noticed Ijyb
  2363 | D:2      | Killed Ijyb
  2363 | D:2      | Reached XP level 5. HP: 45/45 MP: 5/5
  2431 | D:2      | Noticed Natasha
  2435 | D:2      | Killed Natasha
  2677 | D:3      | Found a radiant altar of Vehumet.
  2941 | D:3      | Found a shattered altar of Ashenzari.
  3063 | D:3      | Reached skill level 8 in Axes
  3258 | D:3      | Reached XP level 6. HP: 52/52 MP: 6/6
  3527 | D:4      | Reached *** piety under Trog
  3568 | D:4      | Found a sand-covered staircase.
  3590 | Ossuary  | Entered an ossuary
  3682 | Ossuary  | HP: 3/78 [mummy (4)]
  4021 | Ossuary  | Mangled by a mummy

Skill      XL: |  1  2  3  4  5  6 |
---------------+-------------------+-----
Axes           | 5 6 7 8 |  8.2
Fighting       | 4 |  4.4
Armour         | 3 |  3.7
Dodging        | |  1.5

Action                   |  1- 3 |  4- 6 || total
-------------------------+-------+-------++-------
Melee: Hand axe          |   115 |   255 ||   370
Invok: Berserk           |     1 |     5 ||     6
       Trog's Hand       |     1 |     3 ||     4
       Burn Spellbooks   |       |     1 ||     1
Evoke: Wand              |       |     1 ||     1
  Use: Scroll            |     2 |     3 ||     5
       Potion            |       |     1 ||     1
  Eat: Chunk             |     2 |    12 ||    14
       Beef jerky        |       |     1 ||     1
Armor: Animal skin       |     6 |       ||     6
       Ring mail         |    30 |    22 ||    52
       Chain mail        |       |    73 ||    73
       Skin              |       |     2 ||     2
Dodge: Dodged            |    79 |   103 ||   182
